 Dungeon Crawl Stone Soup version 0.17-a0-1655-g88a8506 (webtiles) character file.

178 kae the Insei (level 5, 0/36 HPs)
             Began as a Draconian Transmuter on Aug 15, 2015.
             Slain by an orc
             ... wielding a +0 flail
              (5 damage)
             ... on level 3 of the Dungeon.
             The game lasted 00:02:49 (2695 turns).

kae the Insei (Draconian Transmuter)                Turns: 2695, Time: 00:02:49

Health: 0/36       AC:  6    Str: 12    XL:     5   Next: 32%
Magic:  8/8        EV: 12    Int: 13    God:
Gold:   106        SH:  0    Dex: 13    Spells: 1 memorised, 7 levels left

rFire  . . .     SeeInvis .       - Unarmed
rCold  . . .     Rnd*Rage +     (armour unavailable)
rNeg   . . .     SustAt   .     (no shield)
rPois  .         Gourm    .     (helmet restricted)
rElec  .         Spirit   .     (no cloak)
rCorr  .         Warding  .     d - +0 pair of gloves
rMut   .         Stasis   .     (no boots)
MR     .....                    (no amulet)
Stlth  +.........               (no ring)
                                (no ring)

@: not resistant to hostile enchantments, very unstealthy
A: unfitting armour, berserk 1, frail 1, wild magic 1, cold-blooded, AC +5
a: no special abilities


You were on level 3 of the Dungeon.
You were hungry.

You visited 1 branch of the dungeon, and saw 3 of its levels.

You collected 106 gold pieces.

Inventory:

Missiles
 a - 22 arrows
Armour
 d - a +0 pair of gloves (worn)
Scrolls
 e - a scroll of amnesia {unknown}
 g - a scroll of blinking {unknown}
 h - 2 scrolls of identify {unknown}
 i - a scroll of remove curse {unknown}
Potions
 l - a potion of cancellation
Books
 b - a book of Changes

   Spells                             Type                      Level
   a - Beastly Appendage              Transmutation                1
   b - Sticks to Snakes               Transmutation                2
   c - Spider Form                    Transmutation/Poison         3
   d - Ice Form                       Ice/Transmutation            4
   e - Blade Hands                    Transmutation                5
 k - a book of Air

   Spells                             Type                      Level
   a - Shock                          Conjuration/Air              1
   b - Swiftness                      Charms/Air                   2
   c - Repel Missiles                 Charms/Air                   2
   d - Static Discharge               Conjuration/Air              3
   e - Lightning Bolt                 Conjuration/Air              5
Comestibles
 c - 2 bread rations
 f - a slice of pizza


   Skills:
 - Level 1.1 Fighting
 - Level 1.7 Dodging
 + Level 6.1 Unarmed Combat
 - Level 2.0 Spellcasting
 - Level 2.0 Transmutations


You had 7 spell levels left.
You knew the following spells:

 Your Spells              Type           Power        Failure   Level  Hunger
a - Beastly Appendage     Trmt           #.....       22%         1    ##.....


Dungeon Overview and Level Annotations

Branches:
Dungeon (3/15)

Altars:
Cheibriados

Annotations:
D:2 Sigmund


Innate Abilities, Weirdness & Mutations

Your plain brown scales are hard (AC +5).
Your body does not fit into most forms of armour.
You are cold-blooded and may be slowed by cold attacks.
You tend to lose your temper in combat.
You are frail (-10% HP).
Your spells are a little harder to cast, but a little more powerful.


Message History

You closely miss the orc priest.
Your tail-slap misses the orc priest.
The orc priest closely misses you.
You closely miss the orc priest. Your kick misses the orc priest.
The orc barely misses you. x2
The orc priest hits you but does no damage.
Unknown command.
You hit the orc priest.
You claw the orc priest, but do no damage.
The orc priest is lightly wounded.
The orc barely misses you. The orc hits you with a flail.
* * * LOW HITPOINT WARNING * * *
The orc priest closely misses you.
Unknown command.
You closely miss the orc priest. You claw the orc priest.
The orc priest is lightly wounded.
Your talons disappear.
The orc hits you with a club.
* * * LOW HITPOINT WARNING * * *
The orc hits you with a flail.
You die...

..........# ########'###
#....... ..........#
#..........# #...)...
.....(....# #..........#
########
..........##############
..........+. ...........
..........#.##...#...#..
##### #.....r.......
....+ +..#.oo#...#..
##### #....)@oK..... #
#..########### # #.#.##
#.# # #....#####.# #
###..#.....# #
#..#.....# # ##.#.....#
# #.#.....# ##.......#
########


You could see an orc priest, 2 orcs, a kobold and a rat.

Vanquished Creatures
  Jessica (D:2)
  Terence (D:2)
  Robin (D:1)
  3 adders
  2 worms (D:2)
  2 giant geckos
  7 orcs (D:3)
  6 giant cockroaches
  16 goblins
  7 hobgoblins
  2 jackals (D:2)
  5 kobolds
  8 bats
  2 giant newts (D:2)
  3 quokkas (D:2)
  8 rats
74 creatures vanquished.

Notes
Turn   | Place    | Note
--------------------------------------------------------------
     0 | D:1      | kae the Draconian Transmuter began the quest for the Orb.
     0 | D:1      | Reached XP level 1. HP: 16/16 MP: 3/3
   274 | D:1      | Reached XP level 2. HP: 23/23 MP: 5/5
   304 | D:1      | Found a snail-covered altar of Cheibriados.
   842 | D:2      | Reached skill level 4 in Unarmed Combat
   842 | D:2      | Reached XP level 3. HP: 21/28 MP: 4/6
   979 | D:2      | Noticed Robin
  1003 | D:1      | Killed Robin
  1014 | D:1      | Gained mutation: You tend to lose your temper in combat. [potion of mutation]
  1014 | D:1      | Gained mutation: Your spells are a little harder to cast, but a little more powerful. [potion of mutation]
  1014 | D:1      | Gained mutation: You are frail (-10% HP). [potion of mutation]
  1583 | D:2      | Found a snail-covered altar of Cheibriados.
  1628 | D:2      | Noticed Jessica
  1633 | D:2      | Killed Jessica
  1633 | D:2      | Reached skill level 5 in Unarmed Combat
  1633 | D:2      | Reached XP level 4. HP: 31/31 MP: 7/7
  1835 | D:2      | Noticed Terence
  1866 | D:2      | Killed Terence
  2044 | D:2      | Reached XP level 5. HP: 34/36 MP: 8/8
  2273 | D:2      | Noticed Sigmund
  2394 | D:3      | Reached skill level 6 in Unarmed Combat
  2695 | D:3      | Slain by an orc

Vault maps used:
D:1:      ncdulo_wetmaze, cheibriados_altar_1
D:2:      grunt_temple_overflow_magic_moments, lemuel_doored_altar, first_bread,
          uniq_terence, uniq_robin, uniq_jessica, uniq_sigmund
D:3:      lemuel_coloured_pillars_altar, grunt_dithmenos_smoke_and_mirrors,
          minmay_misc_feat_columns

Action                   |  1- 3 |  4- 6 || total
-------------------------+-------+-------++-------
Melee: Unarmed           |   134 |   171 ||   305
 Cast: Beastly Appendage |     6 |    11 ||    17
  Use: Potion            |     2 |     2 ||     4
  Eat: Chunk             |     2 |     4 ||     6
